 Dungeon Crawl Stone Soup version 0.29-a0-338-g1ff7896281 (webtiles) character file.

Game seed: 11869812605330837631

1242 spaghetti the Fighter (level 8, -1/127 HPs)
             Began as a Deep Dwarf Fighter on Apr 18, 2022.
             Slain by an ogre
             ... wielding a +0 giant club
              (31 damage)
             ... on level 4 of the Dungeon.
             The game lasted 00:06:50 (2662 turns).

spaghetti the Fighter (Deep Dwarf Fighter)          Turns: 2662, Time: 00:06:50

Health: -1/127     AC:  7    Str: 20    XL:     8   Next: 25%
Magic:  4/4        EV:  9    Int:  9    God:
Gold:   129        SH:  5    Dex: 14    Spells: 7/7 levels left

rFire   . . .      SeeInvis .   g - +0 war axe (chaos) {axe}
rCold   . . .      Faith    .   c - +0 buckler
rNeg    . . .      Spirit   .   i - +1 scale mail
rPois   .          Reflect  .   (no helmet)
rElec   .          Harm     .   (no cloak)
rCorr   .          Rampage  .   (no gloves)
Will    ++...                   (no boots)
Stlth   ..........              o - amulet of magic regeneration {@e2}
HPRegen 0.00/turn               (no ring)
MPRegen 0.49/turn               (no ring)

@: berserking, unable to read, very quick
A: damage resistance, heal wounds, sense surroundings 1, no regeneration,
strong-willed 1, screaming 1, inability to read while threatened
a: Heal Wounds


You were on level 4 of the Dungeon.
You visited 1 branch of the dungeon, and saw 4 of its levels.

You collected 129 gold pieces.


Innate Abilities, Weirdness & Mutations

You are resistant to damage.
You can heal yourself by infusing magical energy.
You passively map a small area around you.
You do not regenerate.
You are strong-willed. (Will+)
You occasionally shout uncontrollably at your foes.
You sometimes lose the ability to read scrolls when taking damage.


   Skills:
 + Level 9.3 Fighting
 - Level 3.2 Axes
 - Level 3.2 Armour
 - Level 3.2 Shields


You had 7 spell levels left.
You didn't know any spells.
Your spell library contained the following spells:

 Spells                   Type           Power      Damage    Failure   Level
 Animate Skeleton         Necr           0%         N/A       83%         1
 Apportation              Tloc           0%         N/A       83%         1
 Foxfire                  Conj/Fire      0%         2x1d4     83%         1
 Summon Small Mammal      Summ           0%         N/A       83%         1
 Conjure Flame            Conj/Fire      0%         6-21      99%         3
 Inner Flame              Hex/Fire       0%         N/A       99%         3
 Flame Wave               Conj/Fire      0%         2d4       100%        4

Inventory:

Hand Weapons
 a - a +1 dagger of electrocution {short}
   (You found it on level 1 of the Dungeon)
 b - a +4 hunting sling {sling}
   (You took it off a goblin on level 2 of the Dungeon)
 e - a +0 dagger of speed {short}
   (You took it off a goblin on level 1 of the Dungeon)
 g - a +0 war axe of chaos (weapon) {axe}
 p - a +0 flail of protection {mace}
   (You took it off a gnoll on level 2 of the Dungeon)
Missiles
 k - 6 poisoned darts {throwing}
 l - 202 stones (quivered) {throwing}
 n - 4 boomerangs {throwing}
Armour
 c - a +0 buckler (worn)
 i - a +1 scale mail (worn)
 u - the +1 robe of Torosios {Dex+4}
   (You took it off a gnoll on level 3 of the Dungeon)

   Dex:       It affects your dexterity (+4).
Jewellery
 o - an amulet of magic regeneration (around neck) {@e2}
   (You found it on level 3 of the Dungeon)
Wands
 d - a wand of polymorph (6)
   (You took it off Sigmund on level 3 of the Dungeon)
Scrolls
 f - 2 scrolls of immolation {!r!r}
 j - a scroll of identify {@r1}
 t - a scroll of fear
 v - a scroll of silence {unknown}
 w - a scroll of holy word {unknown}
Potions
 h - a potion of magic
 m - a potion of berserk rage {!q}
 q - 2 potions of heal wounds {unknown}
 r - a potion of might
 s - a potion of curing {@q1}
 x - a potion of lignification {!q}

Dungeon Overview and Level Annotations

Branches:
Dungeon (4/15)
 Temple: D:4-7

Altars:

Portals:
Ossuary: D:4

Annotations:
D:3 3 runed translucent doors, Antichthon's ghost, amateur NaWr
D:4 3 runed translucent doors, tonyyikes's ghost, novice OgAE

#........................#####
##########......#........#....
*,,,,,,,#......#........#....
*,,,,,,,#......##########....
*,,,,,,,#......# #....
*,,,,,,,#......# #....
*,,,.,,,#......# #....
*,,,....#..O...#### #....
*,,,......Ss@.....# #....
*,,,......)###....# #....
****###...(* #....#*****#....
#....* #....#*,,,,..... #.(..*
#....#*,,,,..### *****#....*
#....#*,,,,..* *,,,,.....*
#....#*,,,,,,* *,,,...###*
#....#*,,,,,,* *,,,,,,*
*,,,,**,,,,,,*


You could see an ogre (fast), a scorpion and an adder.


Message History

You hit the goblin.
You feel better.
The goblin hits you with a +0 dagger. x2
* * * LOW HITPOINT WARNING * * *
You slash the goblin! You burn the goblin.
You kill the goblin!
You see here a +0 dagger {short}.
x - a potion of lignification {!q} Key pressed, stopping explore.
You hear the brisk hiss of an avalanche of sand nearby.
The orc shouts!
The black bear growls angrily.
Key pressed, stopping explore.
You pick up a book of Cantrips and begin reading...
You add the spells Animate Skeleton, Summon Small Mammal and Apportation to your library.
A scorpion comes into view.
A scorpion is nearby!
A scorpion is nearby!
You closely miss the scorpion. The scorpion barely misses you. x2
You closely miss the scorpion.
The scorpion stings you but does no damage.
You hit the scorpion.
The scorpion is poisoned.
The scorpion stings you but does no damage.
The scorpion closely misses you.
You slash the scorpion! You freeze the scorpion.
You hear the quick hiss of a very distant avalanche of sand.
You kill the scorpion!
You see here a scorpion corpse.
Found a stone staircase leading up.
Key pressed, stopping explore.
An ogre comes into view. It is wielding a +0 giant club.
The ogre shouts!
An ogre is nearby!
Throw: 205 stones {throwing}
Press: ? - help, Q - select action, (/) - cycle Shift-Dir - straight line, f - ogre
Aim: an ogre, wielding a +0 giant club (77% to hit)
You throw a stone {throwing}.
The stone {throwing} hits the ogre but does no damage.
An adder comes into view.
A scorpion comes into view.
Throw: 204 stones {throwing}
Press: ? - help, Q - select action, (/) - cycle Shift-Dir - straight line, f/p - ogre
Aim: an ogre, wielding a +0 giant club (77% to hit)
You throw a stone {throwing}. The adder hisses angrily.
The stone {throwing} hits the ogre.
Throw: 203 stones {throwing}
Press: ? - help, Q - select action, (/) - cycle Shift-Dir - straight line, f/p - ogre
Aim: an ogre, wielding a +0 giant club (lightly wounded, 77% to hit)
You throw a stone {throwing}.
The stone {throwing} hits the ogre but does no damage.
You hit the ogre. You block the ogre's attack.
You slash the ogre!
The ogre looks as sick as possible!
The ogre barely misses you. The ogre hits you with a +0 giant club!
You feel threatened and lose the ability to read scrolls!
* * * LOW HITPOINT WARNING * * *
😱 HP[-13]
You take 13 damage, and now have 21/85 hp.
Unknown command.
The ogre attacks as you move away! The ogre hits you with a +0 giant club.
* * * LOW HITPOINT WARNING * * *
You kill the ogre! 😱 HP[-2]
You take 2 damage, and now have 19/85 hp.
You feel much better.
The scorpion stings you but does no damage.
The scorpion closely misses you. 😮 HP[+25]
You regained 25 hp, and now have 44/85 hp.
Unknown command.
Unknown command.
You barely miss the scorpion. You hit the ogre but do no damage.
The ogre seems to speed up.
The ogre hits you with a +0 giant club!!
* * * LOW HITPOINT WARNING * * *
The scorpion barely misses you. The ogre hits you with a +0 giant club!
* * * LOW HITPOINT WARNING * * *
😱 HP[-29]
You take 29 damage, and now have 15/85 hp.
MASSIVE DAMAGE!! (PAUSE) Unknown command.
You barely miss the scorpion. You barely miss the ogre.
You block the scorpion's attack. The ogre hits you with a +0 giant club!
* * * LOW HITPOINT WARNING * * *
The scorpion stings you but does no damage. 😱 HP[-12]
You take 12 damage, and now have 3/85 hp.
You cannot read scrolls in your current state!
Unknown command.
Okay, then.
Your magical essence is drained by the effort!
You feel much better. The ogre hits you with a +0 giant club.
* * * LOW HITPOINT WARNING * * *
The scorpion stings you.
* * * LOW HITPOINT WARNING * * *
😱 HP[+17] MP[-1]
You regained 17 hp, and now have 20/85 hp.
Unknown command.
Really quaff
m - 2 potions of berserk rage {!q}?
A red film seems to cover your vision as you go berserk!
You feel yourself moving faster!
You feel mighty! The scorpion stings you.
The ogre hits you with a +0 giant club!!
You die...

Skill      XL: |  1  2  3  4  5  6  7  8 |
---------------+-------------------------+-----
Axes           | 3 |  3.2
Fighting       | 3 4 6 7 8 9 |  9.3
Armour         | |  3.2
Shields        | |  3.2

Action                   |  1- 3 |  4- 6 |  7- 9 || total
-------------------------+-------+-------+-------++-------
Melee: War axe           |    23 |     7 |    41 ||    71
       Dagger            |    63 |    97 |       ||   160
 Fire: Hunting sling     |    23 |    33 |       ||    56
Throw: Stone             |       |    16 |     3 ||    19
 Abil: Heal Wounds       |       |     7 |     3 ||    10
  Use: Potion            |     3 |     5 |     1 ||     9
       Scroll            |       |     7 |       ||     7
Armor: Scale mail        |    41 |    58 |    38 ||   137
       Skin              |       |    13 |       ||    13
Dodge: Dodged            |    50 |    65 |    27 ||   142
Block: Buckler           |    24 |    32 |    12 ||    68

Levels and vault maps discovered:
D:1:      sevenhm_arrival_forest_fort_large_4, layout_basic,
          ebering_ecumenical_altar_box, grunt_decor_junction, minmay_cut_off
D:2:      layout_basic
D:3:      layout_loops_cross, gammafunk_ghost_split, serial_rivers,
          chequers_serial_rivers_micro_b, chequers_serial_rivers_room_a,
          chequers_serial_rivers_micro_c, chequers_serial_rivers_small_3,
          minmay_randomly_rotated_circles, uniq_sigmund
D:4:      layout_basic, gammafunk_ghost_split, nicolae_ossuary_entry_monument,
          uniq_pikel

Notes
Turn   | Place    | Note
-------+----------+-------------------------------------------
     0 | D:1      | spaghetti the Deep Dwarf Fighter began the quest for the
                  | Orb.
     0 | D:1      | Reached XP level 1. HP: 20/20 MP: 1/1
     0 | D:1      | magus.rc [v1.9.6]
    68 | D:1      | Reached skill level 3 in Axes
   137 | D:1      | Reached XP level 2. HP: 27/27 MP: 2/2
   243 | D:1      | Reached skill level 3 in Fighting
   278 | D:1      | Found a faded altar of an unknown god.
   297 | D:1      | Gained mutation: You sometimes lose the ability to read
                  | scrolls when taking damage. [potion of mutation]
   297 | D:1      | Gained mutation: You occasionally shout uncontrollably at
                  | your foes. [potion of mutation]
   297 | D:1      | Gained mutation: You are strong-willed. (Will+) [potion of
                  | mutation]
   725 | D:2      | Reached XP level 3. HP: 27/34 MP: 3/3
   866 | D:2      | You pick up a book of Flames and begin reading...
   866 | D:2      | You add the spells Foxfire, Conjure Flame, Inner Flame and
                  | Flame Wave to your library.
   992 | D:2      | Reached skill level 4 in Fighting
   992 | D:2      | Reached XP level 4. HP: 28/44 MP: 4/4
  1389 | D:3      | Found a runed translucent gate.
  1389 | D:3      | Found a runed translucent gate.
  1426 | D:3      | Found a runed translucent gate.
  1427 | D:3      | Noticed Antichthon's ghost (amateur NaWr)
  1535 | D:3      | Reached XP level 5. HP: 18/51 MP: 5/5
  1542 | D:3      | Noticed Sigmund
  1564 | D:3      | HP: 9/51 [something (8)]
  1566 | D:3      | Killed Sigmund
  1567 | D:3      | Reached skill level 6 in Fighting
  1567 | D:3      | Reached XP level 6. HP: 11/62 MP: 6/6
  1936 | D:3      | Identified the +1 robe of Torosios {Dex+4}
  2274 | D:4      | Found a sand-covered staircase.
  2281 | D:4      | Noticed a steam dragon
  2292 | D:4      | HP: 8/62 [steam dragon/ball of steam (17)]
  2303 | D:4      | HP: 9/62 [steam dragon/ball of steam (9)]
  2311 | D:4      | HP: 15/62 [steam dragon (1)]
  2316 | D:4      | HP: 11/62 [steam dragon] (5)]
  2317 | D:4      | Killed a steam dragon
  2317 | D:4      | HP: 5/62 [something (6)]
  2336 | D:4      | Found a runed translucent gate.
  2336 | D:4      | Found a runed translucent gate.
  2336 | D:4      | Found a runed translucent gate.
  2340 | D:4      | Noticed tonyyikes's ghost (novice OgAE)
  2370 | D:4      | Noticed Pikel
  2378 | D:4      | HP: 13/63 [frozen (3)]
  2389 | D:4      | Reached skill level 7 in Fighting
  2389 | D:4      | Reached XP level 7. HP: 33/72 MP: 5/5
  2404 | D:4      | Killed Pikel
  2405 | D:4      | Reached skill level 8 in Fighting
  2405 | D:4      | Reached XP level 8. HP: 31/82 MP: 5/5
  2433 | D:4      | Reached skill level 9 in Fighting
  2618 | D:4      | You pick up a book of Cantrips and begin reading...
  2618 | D:4      | You add the spells Animate Skeleton, Summon Small Mammal
                  | and Apportation to your library.
  2656 | D:4      | HP: 21/85 [ogre/+0 giant club (13)]
  2660 | D:4      | HP: 3/85 [ogre/+0 giant club (12)]
  2662 | D:4      | Slain by an ogre

Vanquished Creatures
  Pikel (D:4)
  Sigmund (D:3)
  A steam dragon (D:4)
  An ogre (D:4)
  A lemure (D:4)
  A necrophage (D:4)
  2 scorpions (D:4)
  A jelly (D:4)
  2 orc wizards (D:4)
  5 gnolls
  6 adders
  A white imp (D:3)
  A worm (D:3)
  5 dart slugs
  2 orcs (D:4)
  9 bats
  6 endoplasms
  4 giant cockroaches
  8 goblins
  3 hobgoblins
  2 jackals (D:1)
  3 kobolds
  4 quokkas
  6 ball pythons
  5 frilled lizards
  7 rats
88 creatures vanquished.

Vanquished Creatures (others)
  A goblin (D:4)
  A kobold (D:4)
2 creatures vanquished.

Grand Total: 90 creatures vanquished

Table legend:
 A = Non-vault XP
 B = Vault XP
 C = Vault XP percentage of total XP
 D = Non-vault monster count
 E = Vault monster count
 F = Vault count percentage of total count
                 A         B        C        D         E       F
            +---------+---------+-------+---------+---------+-------
      Total |     925 |     850 |  47.9 |      77 |      10 |  11.5
            +---------+---------+-------+---------+---------+-------
        D:1 |      33 |       5 |  13.2 |      20 |       2 |   9.1
        D:2 |     148 |       0 |   0.0 |      30 |       0 |   0.0
        D:3 |      35 |     259 |  88.1 |       7 |       7 |  50.0
        D:4 |     709 |     586 |  45.3 |      20 |       1 |   4.8
            +---------+---------+-------+---------+---------+-------

Illustrated notes

Table legend:
 A = Kills in this place as a percentage of kills in entire the game.
 B = Kills by you in this place as a percentage of kills by you in the entire game.
 C = Kills by friends in this place as a percentage of kills by friends in the entire game.
 D = Other kills in this place as a percentage of other kills in the entire game.
 E = Experience gained in this place as a percentage of experience gained in the entire game.
 F = Experience gained in this place divided by the number of levels of this place that you have seen.
                   A       B       C       D       E      F
               +-------+-------+-------+-------+-------+----------------------
         Total | 100.0 | 100.0 |   N/A |   N/A | 100.0 | 443.8
       Dungeon | 100.0 | 100.0 |   N/A |   N/A | 100.0 | 443.8
               +-------+-------+-------+-------+-------+----------------------

Table legend: (Time is in decaauts)
 A = Elapsed time spent in this place.
 B = Non-inter-level travel time spent in this place.
 C = Inter-level travel time spent in this place.
 D = Time resting spent in this place.
 E = Time spent auto-exploring this place.
 F = Levels seen in this place.
 G = Mean time per level.
                   A        B        C        D        E       F      G
               +--------+--------+--------+--------+--------+-----+--------+
         Total |   2748 |   2665 |     83 |    127 |   1878 |   4 |  687.0 |
       Dungeon |   2748 |   2665 |     83 |    127 |   1878 |   4 |  687.0 |
               +--------+--------+--------+--------+--------+-----+--------+

Top non-repeatable levels by time:
     D:3: 908 daAuts
     D:1: 703 daAuts
     D:2: 696 daAuts
     D:4: 439 daAuts
